 Dungeon Crawl Stone Soup version 0.23.2-1-ga50397a6bc (webtiles) character file.

Game seed: 4824497138522139238

37 MisterOstroum the Gusty (level 3, -1/16 HPs)
             Began as a Vine Stalker Air Elementalist on Apr 28, 2019.
             Slain by an adder (2 damage)
             ... on level 1 of the Dungeon.
             The game lasted 00:09:33 (1675 turns).

MisterOstroum the Gusty (VSAE)                      Turns: 1675, Time: 00:09:34

Health: -1/16      AC:  2    Str: 10    XL:     3   Next: 41%
Magic:  0/8        EV: 12    Int: 16    God:
Gold:   115        SH:  0    Dex: 14    Spells: 4/7 levels left

rFire    . . .     SeeInvis .   i - +0 whip
rCold    . . .     Gourm    .   (no shield)
rNeg     . . .     Faith    .   a - +0 robe
rPois    .         Spirit   +   (no helmet)
rElec    .         Reflect  .   (no cloak)
rCorr    .         Harm     .   (no gloves)
MR       .....                  (no boots)
Stlth    ++........             (no amulet)
HPRegen  0.05/turn              (no ring)
MPRegen  0.11/turn              (no ring)

@: lethally poisoned (-1 -> -18), sluggish, very slow
A: fangs 2, magic shield, antimagic bite, no potion heal 3, rot immunity
a: no special abilities


You were on level 1 of the Dungeon.
You were not hungry.

You visited 1 branch of the dungeon, and saw 2 of its levels.

You collected 115 gold pieces.

Inventory:

Hand Weapons
 h - a +0 hunting sling
 i - a +0 whip (weapon)
Missiles
 b - 21 sling bullets
 c - 70 stones (quivered)
Armour
 a - a +0 robe (worn)
Scrolls
 d - a scroll of teleportation {unknown}
 f - a scroll of fear {unknown}
Comestibles
 e - 3 rations


   Skills:
 - Level 1.5 Dodging
 - Level 2.4 Stealth
 + Level 2.9 Spellcasting
 + Level 2.0 Conjurations
 + Level 3.4 Air Magic


You had 4 spell levels left.
You knew the following spells:

 Your Spells              Type           Power        Failure   Level  Hunger
a - Shock                 Conj/Air       ##..         6%          1    #......
b - Swiftness             Chrm/Air       #.......     14%         2    ##.....

Your spell library contained the following spells:

 Spells                   Type           Power        Failure   Level  Hunger
 Static Discharge         Conj/Air       ##......     19%         3    ###....
 Airstrike                Air            ##........   41%         4    #####..
 Lightning Bolt           Conj/Air       ##........   86%         5    ######.


Dungeon Overview and Level Annotations

Branches:
Dungeon (2/15)

Altars:


Innate Abilities, Weirdness & Mutations

You have extremely sharp teeth.
When hurt, damage is shared between your health and your magic reserves.
Your bite disrupts and absorbs the magic of your enemies.
Potions cannot restore your health.
You are immune to rotting.


Message History

Confirm with . or Enter, or press ? or * to list all spells.
Aiming: Shock (safe; 6% risk of failure)
Press: ? - help, Shift-Dir - straight line, f - adder
Aim: an adder The zap hits the adder.
The adder is moderately wounded.
Casting: Shock (safe; 6% risk of failure)
Confirm with . or Enter, or press ? or * to list all spells.
Aiming: Shock (safe; 6% risk of failure)
Press: ? - help, Shift-Dir - straight line, f/p - adder
Aim: an adder (moderately wounded)
The zap hits the adder.
The adder is moderately wounded.
Casting: Shock (safe; 6% risk of failure)
Confirm with . or Enter, or press ? or * to list all spells.
Aiming: Shock (safe; 6% risk of failure)
Press: ? - help, Shift-Dir - straight line, f/p - adder
Aim: an adder (moderately wounded)
The zap misses the adder.
Casting: Shock (safe; 6% risk of failure)
Confirm with . or Enter, or press ? or * to list all spells.
Aiming: Shock (safe; 6% risk of failure)
Press: ? - help, Shift-Dir - straight line, f/p - adder
Aim: an adder (moderately wounded)
The zap misses the adder.
The adder barely misses you. The adder barely misses you.
Casting: Shock (safe; 6% risk of failure)
Confirm with . or Enter, or press ? or * to list all spells.
Aiming: Shock (safe; 6% risk of failure)
Press: ? - help, Shift-Dir - straight line, f/p - adder
Aim: an adder (moderately wounded) That beam is likely to hit you.
Continue anyway?
Okay, then.
Casting: Shock (safe; 6% risk of failure)
Confirm with . or Enter, or press ? or * to list all spells.
Aiming: Shock (safe; 6% risk of failure)
Press: ? - help, Shift-Dir - straight line, f/p - adder
Aim: an adder (moderately wounded)
Okay, then.
Casting: Shock (safe; 6% risk of failure)
Confirm with . or Enter, or press ? or * to list all spells.
You feel quick. The adder closely misses you.
There is a stone staircase leading up here.
You start to feel a little slower.
The adder bites you.
You climb upwards.
There is a stone staircase leading down here.
The adder bites you but does no damage. The adder barely misses you.
You feel sluggish. The adder barely misses you. The adder bites you.
Unknown command.
Unknown command.
Casting: Swiftness (safe; 14% risk of failure)
Confirm with . or Enter, or press ? or * to list all spells.
This spell is already in effect.
Unknown command.
Casting: Swiftness (safe; 14% risk of failure)
Confirm with . or Enter, or press ? or * to list all spells.
Aiming: Shock (safe; 6% risk of failure)
Press: ? - help, Shift-Dir - straight line The zap misses the adder.
The zap hits the adder.
The adder is heavily wounded.
The adder bites you.
You are poisoned.
The adder poisons you! The adder closely misses you.
Casting: Shock (safe; 6% risk of failure)
Confirm with . or Enter, or press ? or * to list all spells.
You don't have enough magic to cast that spell.
You miss the adder. Your bite misses the adder.
The adder is heavily wounded.
You feel sick. The adder bites you.
You are lethally poisoned!
The adder poisons you!
You closely miss the adder. Your bite misses the adder.
The adder is heavily wounded.
You start to feel a little faster.
You feel sick. The adder bites you but does no damage.
You miss the adder. You bite the adder, but do no damage.
The adder is heavily wounded.
The adder bites you.
You are more poisoned.
The adder poisons you! The adder bites you.
* * * LOW HITPOINT WARNING * * *
You are more poisoned.
The adder poisons you!
You hit the adder.
The adder is almost dead.
* * * LOW HITPOINT WARNING * * *
You feel sick. The adder closely misses you.
You aren't carrying any potions.
You aren't carrying any potions.
Wield which item (- for none, * to show all)? (? for menu, Esc to quit)
Okay, then.
As you read the scroll labeled TARPHO HI WAARCH, it crumbles to dust.
You hear the tinkle of a tiny bell.
It was a scroll of random uselessness.
* * * LOW HITPOINT WARNING * * *
You feel sick. The adder bites you.
You die...

#.##.# #.######.###.#.## ##.#
#.##.#### #.# #.# ##.#.###.##
#.##.(..# #.# #.####.##...##
#.#####.###.## #......###..#
#.# ##.##...#####..###.# #..###
#.# #.....#......>.# #.###...).
#.####..##...##.###.#
#..♣♣♣♣♣.. #.......###.###S#
#)# #.....♣♣##
#######.....###@###.###.#P...P#
#####..............♣♣..♣#
#####.###.#####♣♣..♣ #.# #.#
##.# # ####.###.########.###
#....................
#.##.###.########.### #.##.#
#.########.# #
#############.##.###.#........#


You could see an adder.

Vanquished Creatures
  An ooze (D:1)
  A dart slug (D:1)
  8 bats (D:1)
  A giant cockroach (D:1)
  9 hobgoblins (D:1)
  4 goblins (D:1)
  A kobold (D:1)
  3 rats (D:1)
28 creatures vanquished.

Notes
Turn   | Place    | Note
-------+----------+-------------------------------------------
     0 | D:1      | MisterOstroum the Vine Stalker Air Elementalist began the
                  | quest for the Orb.
     0 | D:1      | Reached XP level 1. HP: 9/9 MP: 4/4
   324 | D:1      | Reached XP level 2. HP: 13/13 MP: 3/6
   542 | D:1      | Learned a level 2 spell: Swiftness
   746 | D:1      | Reached XP level 3. HP: 4/16 MP: 0/8
  1675 | D:1      | Slain by an adder

Skill      XL: |  1  2  3 |
---------------+----------+-----
Conjurations   | 2 |  2.0
Dodging        | |  1.5
Stealth        | |  2.4
Spellcasting   | |  2.9
Air Magic      | |  3.4

Action                   || total
-------------------------++-------
Melee: Unarmed           ||    10
       Bite              ||     9
       Whip              ||    38
 Cast: Shock             ||    51
       Swiftness         ||     3
  Use: Scroll            ||     1
 Stab: Sleeping          ||     2
  Eat: Ration            ||     1
Armor: Robe              ||    23
Dodge: Dodged            ||    49
